Map: Cactus Valley LE

Players

Kantuva - Winner!

  • Race: Zerg Zerg
  • Spawn Location: 5:00

Alexander

  • Race: Zerg Zerg
  • Spawn Location: 11:00

VOD

Have the link to the VOD?

Description

Time

  • Played on: April 1, 2015, 3:29 a.m.
  • Length: 11:02
Show
View Real Time Build Order
Export as new Build Order

Kantuva Zerg - Winner!

Build Orders: Pool First 

Get SALT Encoding   

  12  0:01  Drone  
  13  0:14  Overlord  
  13  0:19  Drone  
  14  0:33  Drone x2  
  16  0:39  Extractor  
  15  0:45  Spawning Pool  
  14  0:50  Drone  
  14  0:54  Drone  
  16  0:59  Drone  
  17  1:09  Drone  
  18  1:20  Drone  
  19  1:33  Queen  
  19  1:39  Metabolic Boost  
  21  1:42  Overlord  
  21  1:49  Zergling x2  
  22  2:05  Zergling x4  
  24  2:10  Evolution Chamber  
  23  2:21  Zergling x2  
  24  2:32  Hatchery  
  24  2:35  Queen  
  25  2:44  Baneling Nest  
  24  2:53  Drone x4  
  24  2:54  Drone x2  
  29  3:11  Drone x2  
  28  3:24  Zergling x4  
  30  3:32  Extractor  
  30  3:33  Overlord  
  29  3:41  Roach Warren  
  28  3:43  Zergling x4  
  30  3:57  Drone  
  30  3:58  Drone x5  
  36  4:07  Baneling x2  
  36  4:09  Drone  
  38  4:10  Drone  
  38  4:16  Drone x2  
  40  4:17  Overlord  
  40  4:19  Overlord  
  40  4:27  Drone x3  
  43  4:36  Overlord  
  43  4:43  Roach x3  
  49  4:54  Roach x4  
  56  5:00  Lair  
  55  5:11  Roach x4  
  63  5:18  Ravager x2  
  63  5:19  Overlord, Roach  
  67  5:27  Overlord  
  67  5:38  Evolution Chamber  
  66  5:43  Roach x5  
  50  6:19  Glial Reconstitution  
  50  6:22  Burrow  
  50  6:23  Drone x2  
  50  6:24  Drone x4  
  50  6:25  Extractor  
  55  6:28  Extractor  
  55  6:30  Zerg Missile Weapons Level 1  
  54  6:36  Roach x2  
  58  6:47  Evolution Chamber  
  57  6:48  Zergling x16  
  65  6:55  Ravager  
  65  6:57  Roach  
  68  7:03  Overlord  
  68  7:07  Overlord  
  68  7:08  Drone x3  
  71  7:14  Drone  
  71  7:15  Drone x3  
  75  7:19  Drone  
  75  7:22  Drone x3  
  79  7:23  Hatchery, Extractor  
  79  7:27  Zerg Ground Armor Level 1, Extractor  
  76  7:32  Drone  
  76  7:33  Drone x2  
  79  7:43  Roach x2  
  83  7:47  Ravager  
  83  7:49  Drone  
  83  7:50  Drone  
  85  7:59  Ravager  
  85  8:00  Overlord  
  85  8:01  Overlord  
  85  8:13  Roach x6  
  95  8:21  Drone  
  96  8:30  Ravager x2  
  96  8:33  Roach x3  
  104  8:43  Drone x7  
  111  8:53  Roach  
  111  8:54  Roach x4  
  121  9:04  Overlord x3  
  121  9:16  Overlord x2  
  121  9:26  Baneling x7  
  121  9:30  Roach x2  
  121  9:31  Roach x6  
  137  9:36  Overseer  
  102  10:00  Roach x6  
  102  10:01  Roach x3  
  120  10:10  Queen x2  
  120  10:13  Ravager x4  
  120  10:14  Ravager x4  
  132  10:20  Drone x5  
  137  10:24  Spine Crawler, Roach x2  
  137  10:25  Spine Crawler  
  139  10:33  Overseer  
Show
View Real Time Build Order
Export as new Build Order

Alexander Zerg 

Build Orders: Hatch First 

Get SALT Encoding   

  12  0:01  Drone  
  13  0:08  Drone  
  14  0:18  Overlord  
  14  0:37  Drone  
  14  0:38  Drone x2  
  17  0:57  Drone  
  18  0:59  Hatchery  
  17  1:12  Spawning Pool  
  16  1:19  Drone x2  
  18  1:27  Drone  
  18  1:32  Overlord  
  19  1:37  Extractor  
  18  1:44  Drone  
  19  1:59  Queen  
  19  2:00  Zergling x2  
  22  2:08  Zergling x2  
  22  2:10  Queen  
  22  2:12  Drone  
  26  2:28  Zergling x4  
  28  2:43  Drone  
  29  2:57  Metabolic Boost  
  29  3:01  Roach Warren, Drone x2  
  29  3:02  Extractor  
  29  3:10  Drone, Queen  
  29  3:11  Drone x2  
  32  3:24  Baneling Nest  
  32  3:25  Drone x2  
  33  3:32  Spine Crawler  
  32  3:37  Drone x2  
  34  3:44  Drone x2  
  36  3:58  Overlord x2  
  35  4:18  Roach x4  
  43  4:28  Overlord  
  43  4:30  Roach x4  
  51  4:33  Overlord  
  51  4:40  Overlord  
  50  4:54  Roach x4  
  50  4:55  Zergling x2  
  59  5:02  Drone x2  
  59  5:03  Drone  
  62  5:14  Baneling x4  
  62  5:15  Baneling  
  62  5:16  Drone x3  
  65  5:24  Roach x2  
  69  5:31  Ravager x3  
  72  5:38  Roach  
  72  5:39  Overlord x2  
  55  6:13  Roach x2  
  55  6:14  Roach x4, Zergling x6  
  55  6:15  Zergling x6  
  62  6:21  Overlord  
  62  6:26  Lair  
  62  6:28  Hatchery  
  62  6:29  Drone x2  
  63  6:38  Roach x2  
  67  6:51  Drone x2  
  67  6:52  Drone  
  67  6:53  Drone x3  
  73  6:57  Drone x2  
  74  7:10  Queen  
  74  7:14  Drone x3  
  74  7:15  Drone x2  
  81  7:18  Extractor  
  81  7:19  Extractor  
  79  7:25  Ravager x3  
  82  7:31  Hydralisk Den  
  80  7:51  Zergling x4  
  80  7:52  Zergling x4  
  84  8:02  Overlord x2, Zergling x4  
  86  8:06  Drone x4, Queen  
  86  8:07  Drone  
  89  8:15  Baneling x2  
  89  8:17  Baneling  
  89  8:19  Baneling  
  89  8:25  Hydralisk x7  
  103  8:29  Drone x4  
  103  8:30  Overlord x2  
  103  8:33  Lurker Den  
  107  8:35  Extractor  
  107  8:38  Extractor  
  105  8:43  Overlord x2  
  105  8:44  Hatchery  
  104  9:03  Hydralisk x3  
  104  9:04  Hydralisk  
  112  9:16  Hydralisk  
  112  9:17  Hydralisk x4  
  112  9:18  Zergling x6  
  124  9:37  Hatchery  
  123  9:41  Hydralisk x4  
  116  9:58  Hydralisk x4  
  98  10:06  Lurker x3  
  101  10:08  Roach x2  
  105  10:38  Hydralisk x3  
Tags
 
Add a new tag
Caveats
  • Supply blocks, unpowered buildings, or Contaminate may cause inaccurate times.
  • Supply counts are checked every 10 seconds.